Map: Curious Minds LE

Players

Vanya

  • Race: Zerg Zerg

TIME (Oliveira) - Winner!

  • Race: Terran Terran

VOD

Have the link to the VOD?

Description

Time

  • Played on: Oct. 21, 2021, 8:34 a.m.
  • Length: 16:43
Show
View Real Time Build Order
Export as new Build Order

Vanya Zerg 

Build Orders: Hatch First 

Get SALT Encoding   

  12  0:00  Drone  
  13  0:12  Overlord  
  13  0:17  Drone  
  14  0:30  Drone x2  
  16  0:48  Hatchery  
  15  0:50  Drone  
  15  0:54  Drone  
  17  0:57  Drone  
  18  1:07  Extractor  
  17  1:12  Spawning Pool  
  17  1:15  Drone  
  17  1:18  Drone  
  18  1:27  Drone  
  19  1:38  Drone  
  20  1:49  Drone  
  21  2:00  Queen x2, Zergling x2  
  21  2:01  Zergling x2  
  27  2:12  Zergling x2  
  28  2:19  Hatchery  
  28  2:21  Metabolic Boost  
  27  2:24  Drone  
  28  2:38  Overlord  
  28  2:40  Overlord  
  28  2:46  Extractor  
  28  2:47  Queen, Extractor  
  30  2:57  Drone  
  30  2:58  Drone x4  
  35  3:02  Drone  
  36  3:10  Drone x2  
  36  3:11  Drone x2  
  40  3:15  Overlord  
  40  3:21  Queen  
  42  3:27  Queen  
  42  3:34  Queen  
  44  3:35  Drone  
  44  3:36  Drone  
  44  3:41  Drone x2  
  50  3:43  Drone  
  50  3:45  Drone  
  52  3:48  Overlord  
  52  3:51  Drone  
  52  3:52  Drone  
  56  3:55  Drone x2  
  56  4:01  Overlord  
  56  4:02  Drone x2  
  58  4:09  Baneling Nest, Zergling x2  
  59  4:10  Zergling x2  
  59  4:13  Queen  
  59  4:14  Drone  
  62  4:18  Drone x2  
  62  4:24  Lair  
  64  4:26  Drone x2, Extractor  
  64  4:30  Overlord  
  65  4:33  Drone x3  
  65  4:36  Extractor  
  67  4:40  Zergling x2  
  67  4:41  Drone x5  
  73  4:45  Overlord  
  73  4:51  Spine Crawler  
  72  4:57  Zergling x6  
  72  4:58  Zergling x2, Overlord  
  76  5:01  Overlord x2  
  76  5:08  Zergling x12  
  79  5:15  Evolution Chamber  
  79  5:20  Zergling x12  
  75  5:25  Zergling x6  
  76  5:29  Drone  
  73  5:36  Drone x2  
  73  5:37  Drone  
  73  5:38  Drone x2  
  73  5:41  Drone x2  
  72  5:45  Drone  
  71  5:50  Drone  
  71  5:56  Drone x4  
  75  6:00  Spire  
  75  6:01  Drone  
  75  6:03  Drone  
  76  6:06  Drone  
  77  6:12  Extractor  
  77  6:13  Drone x2  
  77  6:17  Drone  
  79  6:24  Drone x2  
  79  6:25  Evolution Chamber, Hatchery  
  79  6:27  Drone x2  
  79  6:28  Evolution Chamber  
  80  6:33  Drone x5, Extractor x2  
  80  6:35  Drone  
  80  6:38  Centrifugal Hooks  
  85  6:40  Drone  
  85  6:43  Zergling x2  
  85  6:44  Zergling x4  
  85  6:45  Baneling x4  
  88  6:55  Zerg Melee Weapons Level 1, Zerg Ground Armor Level 1  
  88  6:57  Overlord  
  88  7:00  Zergling x10  
  93  7:10  Overlord  
  93  7:15  Overseer  
  93  7:18  Mutalisk x5  
  93  7:20  Overlord  
  93  7:22  Overlord  
  103  7:26  Baneling x5  
  103  7:27  Zergling x6  
  105  7:30  Overlord  
  105  7:36  Overlord  
  105  7:37  Overseer, Overlord  
  104  7:41  Mutalisk x2  
  108  7:48  Drone x7  
  108  7:50  Drone  
  116  7:53  Mutalisk  
  116  7:54  Mutalisk  
  116  7:56  Drone  
  116  7:57  Overseer  
  121  8:03  Mutalisk  
  121  8:04  Overlord  
  123  8:06  Drone  
  123  8:09  Zergling x12  
  126  8:20  Mutalisk x3  
  126  8:24  Drone x3, Zergling x2, Extractor x2  
  126  8:25  Zergling x14  
  141  8:30  Baneling  
  141  8:31  Pneumatized Carapace  
  141  8:32  Zergling x2  
  141  8:33  Zergling x6  
  145  8:49  Zergling x16  
  145  8:51  Baneling x8  
  145  8:52  Baneling x3  
  145  8:55  Mutalisk x2  
  153  8:57  Overlord  
  157  9:03  Drone, Overlord  
  158  9:17  Zergling x26  
  161  9:22  Overseer  
  167  9:24  Zerg Melee Weapons Level 2  
  167  9:29  Zergling x2  
  167  9:30  Zergling x12  
  174  9:32  Hatchery  
  174  9:37  Zerg Flyer Weapons Level 1  
  173  9:39  Zerg Ground Armor Level 2  
  173  9:43  Overlord x2  
  173  9:45  Baneling x9  
  173  9:46  Baneling  
  153  9:57  Zergling x2  
  153  9:58  Zergling x20  
  162  10:02  Zergling x6  
  160  10:12  Zergling x12  
  143  10:18  Mutalisk x6  
  143  10:20  Zergling x4  
  153  10:27  Zergling x8  
  149  10:32  Infestation Pit, Baneling x13  
  148  10:41  Mutalisk x4  
  150  10:51  Zergling x22  
  154  10:59  Mutalisk  
  154  11:00  Mutalisk x3  
  148  11:11  Zergling x24  
  148  11:16  Zergling x2  
  148  11:17  Zergling x6  
  156  11:19  Baneling x8  
  151  11:27  Drone x6  
  157  11:36  Mutalisk x4  
  157  11:37  Mutalisk  
  167  11:40  Baneling x5  
  167  11:47  Overlord x3  
  167  11:49  Overlord  
  165  11:58  Hive  
  165  11:59  Overseer  
  163  12:03  Zergling x10  
  163  12:04  Zergling x14  
  144  12:18  Mutalisk x7  
  155  12:28  Baneling x3  
  155  12:29  Baneling x7, Zergling x2  
  165  12:30  Zergling x18  
  165  12:34  Zerg Flyer Weapons Level 2  
  165  12:37  Zergling x10  
  170  12:47  Baneling  
  170  12:48  Baneling x10  
  166  12:52  Zergling x16  
  168  13:00  Mutalisk x3  
  168  13:04  Drone x10  
  184  13:07  Extractor  
  184  13:10  Overlord  
  184  13:12  Adrenal Glands  
  172  13:23  Zergling x28  
  164  13:28  Zergling x8  
  167  13:35  Overseer  
  167  13:37  Baneling x13  
  167  13:40  Baneling x4, Zergling x14  
  167  13:41  Zergling x2  
  173  13:51  Extractor  
  172  13:57  Zergling x16  
  172  14:01  Baneling x8  
  180  14:07  Zergling x14  
  187  14:11  Baneling x8  
  187  14:12  Baneling  
  187  14:21  Mutalisk x3  
  187  14:23  Zergling x12  
  183  14:39  Zergling x30  
  183  14:44  Baneling x4  
  183  14:45  Baneling x4  
  193  14:56  Zergling x16  
  189  15:03  Baneling  
  189  15:04  Baneling x15  
  189  15:05  Zergling x2  
  189  15:06  Zergling x4  
  181  15:12  Baneling x7  
  150  15:21  Zergling x14  
  139  15:31  Zergling x2  
  139  15:32  Zergling x16  
  129  15:36  Zergling x6  
  129  15:41  Zergling x2  
  132  15:55  Zergling x12  
  132  15:56  Zergling x2  
  139  16:03  Mutalisk x2  
  138  16:16  Mutalisk x6  
  129  16:19  Baneling x6  
  129  16:20  Baneling x4, Hatchery  
Show
View Real Time Build Order
Export as new Build Order

TIME Terran - Winner!

Build Orders: 2 Factory, Reaper Expand 

Get SALT Encoding   

  12  0:00  SCV  
  13  0:13  SCV  
  14  0:17  Supply Depot  
  14  0:25  SCV  
  15  0:39  SCV  
  15  0:40  Barracks  
  16  0:44  Refinery  
  16  0:51  SCV  
  17  1:03  SCV  
  18  1:15  SCV  
  19  1:28  Reaper, Orbital Command  
  20  1:40  Command Center  
  20  1:48  Supply Depot  
  20  1:53  SCV  
  21  2:01  Marine  
  21  2:05  SCV  
  23  2:11  Factory  
  23  2:17  SCV  
  23  2:21  Barracks Reactor  
  25  2:30  SCV  
  25  2:40  Command Center  
  25  2:42  SCV  
  26  2:52  Orbital Command  
  26  2:54  SCV  
  27  3:02  Factory  
  27  3:05  Refinery  
  27  3:06  SCV  
  28  3:15  Hellion  
  28  3:16  Hellion  
  28  3:18  SCV  
  33  3:20  SCV  
  33  3:23  Barracks Tech Lab  
  34  3:30  SCV  
  34  3:32  SCV  
  36  3:38  Hellion x2  
  40  3:43  SCV  
  40  3:44  SCV  
  42  3:49  Starport  
  42  3:54  Hellion  
  42  3:55  Infernal Pre-Igniter  
  44  3:56  Orbital Command  
  44  3:58  SCV  
  44  4:00  SCV  
  46  4:03  Hellion  
  46  4:07  Hellion  
  50  4:11  SCV  
  50  4:12  Supply Depot  
  50  4:13  SCV  
  52  4:19  Hellion  
  52  4:23  SCV  
  55  4:25  SCV  
  55  4:27  Viking  
  55  4:28  Hellion  
  60  4:34  Hellion  
  60  4:36  Barracks Tech Lab  
  62  4:40  SCV x3, Hellion  
  69  4:54  Stimpack  
  69  4:58  Supply Depot  
  69  5:00  Marine  
  69  5:06  Barracks, Engineering Bay x2  
  68  5:07  SCV  
  68  5:08  Refinery x2  
  68  5:11  Factory Reactor  
  68  5:12  Barracks  
  69  5:20  Marine, SCV x2  
  70  5:22  SCV  
  63  5:32  SCV  
  63  5:34  Widow Mine  
  62  5:37  Marine  
  62  5:42  SCV  
  53  5:49  Supply Depot x3  
  45  5:50  SCV  
  45  5:51  Orbital Command  
  45  5:52  Hellion x2  
  45  5:54  Marine x2, Starport Reactor  
  45  5:55  Marine  
  53  5:58  Terran Infantry Weapons Level 1, Terran Infantry Armor Level 1  
  53  6:02  SCV  
  53  6:03  SCV  
  55  6:05  Siege Tank  
  58  6:13  Marine x2  
  58  6:15  SCV  
  58  6:16  SCV  
  62  6:21  SCV  
  66  6:26  Factory Reactor  
  66  6:27  SCV  
  66  6:28  SCV  
  66  6:32  Barracks, Medivac x2  
  69  6:33  Marine, SCV  
  69  6:34  Barracks  
  69  6:39  Marine, SCV  
  72  6:40  SCV  
  72  6:41  Marine x2  
  72  6:43  Combat Shield  
  72  6:45  SCV  
  77  6:50  Marine, Supply Depot x2  
  77  6:51  SCV  
  77  6:52  Marine  
  80  6:56  SCV  
  80  6:57  Marine, SCV  
  80  6:59  Marine  
  84  7:03  SCV  
  84  7:04  Widow Mine x2  
  84  7:07  Marine x2, Armory  
  84  7:08  SCV  
  92  7:09  SCV  
  92  7:11  Marine  
  92  7:15  SCV  
  95  7:18  Supply Depot  
  95  7:20  Marine, SCV  
  95  7:21  SCV  
  98  7:24  Marine  
  98  7:26  Barracks Reactor x2  
  98  7:27  SCV  
  98  7:28  Widow Mine x2  
  104  7:30  Marine  
  104  7:32  SCV, Refinery  
  104  7:33  Marine, SCV  
  105  7:39  SCV  
  105  7:42  Command Center  
  104  7:44  Missile Turret, SCV  
  104  7:45  Supply Depot, SCV  
  104  7:48  Missile Turret  
  104  7:50  Marine x2  
  108  7:52  Medivac x2  
  108  7:57  Terran Infantry Weapons Level 2  
  112  8:00  SCV x2  
  112  8:01  SCV  
  112  8:04  Terran Infantry Armor Level 2, Drilling Claws  
  115  8:09  Refinery  
  115  8:12  Missile Turret  
  115  8:19  Marine  
  116  8:20  Marine x5  
  116  8:22  Marauder  
  116  8:23  Widow Mine x3  
  116  8:24  Medivac  
  116  8:25  Marine x2  
  132  8:28  Terran Vehicle And Ship Armor Level 1  
  132  8:33  Supply Depot  
  132  8:34  SCV  
  133  8:42  Supply Depot  
  133  8:43  Supply Depot  
  133  8:54  Marine x8, Medivac, Thor  
  133  8:55  Widow Mine x2  
  153  8:56  Medivac  
  153  8:59  SCV  
  153  9:02  SCV  
  156  9:04  Marine  
  156  9:08  SCV  
  158  9:11  Marine x2  
  158  9:12  SCV  
  147  9:18  Marine x4  
  147  9:19  Widow Mine x2  
  147  9:21  Missile Turret  
  147  9:23  Marine x2  
  147  9:24  Marauder, Medivac  
  161  9:29  Marine x2  
  159  9:33  Planetary Fortress  
  159  9:35  Marine x2  
  159  9:36  Medivac  
  163  9:47  Marine  
  163  9:48  Marine x3  
  152  9:54  Marine x3  
  152  9:55  Thor  
  152  9:56  Widow Mine x2  
  152  9:57  Medivac  
  155  10:01  Marine x2  
  155  10:05  Marine  
  151  10:10  Marine  
  151  10:12  Marine  
  138  10:15  Marine  
  138  10:16  Terran Infantry Weapons Level 3  
  129  10:24  Marine x3  
  129  10:27  Marine x3  
  129  10:28  Marauder, Medivac x2, Widow Mine  
  136  10:29  SCV x2, Widow Mine  
  136  10:31  SCV  
  136  10:32  SCV, Terran Infantry Armor Level 3  
  146  10:35  Marine x2  
  146  10:41  Marine  
  146  10:42  Marine x2  
  149  10:45  Marine x2  
  149  10:49  Marauder  
  153  10:53  Factory Tech Lab  
  148  10:58  Marine x3  
  148  11:01  Terran Vehicle And Ship Armor Level 2  
  148  11:04  Marine  
  150  11:06  Marine  
  150  11:07  Marine  
  150  11:08  Marine  
  150  11:10  Marine, Marauder  
  151  11:15  Barracks x2  
  151  11:16  Marine x3  
  151  11:17  Barracks  
  154  11:21  Marine  
  154  11:23  Marine  
  156  11:26  Command Center  
  156  11:27  Widow Mine x2  
  156  11:29  Marine x2  
  156  11:32  Supply Depot  
  162  11:33  Concussive Shells  
  162  11:34  Medivac x2  
  162  11:37  Marauder  
  168  11:46  Marine  
  167  11:50  Marine  
  165  11:56  Marine x2  
  165  11:58  SCV  
  163  12:04  Marine x2  
  163  12:06  Marine x2  
  165  12:10  Missile Turret, Widow Mine x2  
  156  12:15  Marine x2  
  156  12:17  Marine x2  
  156  12:18  Marine  
  156  12:19  Thor  
  156  12:20  Medivac x2  
  156  12:22  Marine x2, Barracks Tech Lab x2  
  159  12:24  Marine  
  159  12:26  SCV  
  159  12:29  Barracks Tech Lab  
  159  12:30  Marine  
  159  12:36  Marauder  
  162  12:40  Marine  
  162  12:42  Marine x2  
  162  12:43  Widow Mine x2  
  166  12:48  Missile Turret  
  166  12:51  Marine x2  
  163  12:53  Marine  
  163  12:54  Marine  
  163  12:55  Marine  
  163  12:58  Marine x3  
  164  13:00  Liberator x2  
  164  13:04  Command Center  
  173  13:07  Marine, Sensor Tower  
  172  13:19  Missile Turret  
  167  13:21  Missile Turret  
  167  13:23  Marine x2  
  167  13:26  Marine x2  
  146  13:28  Widow Mine x2  
  146  13:30  Thor  
  146  13:33  Marauder x2  
  160  13:35  Marauder x2  
  160  13:38  Marine  
  160  13:40  Marine x3  
  166  13:44  Planetary Fortress  
  166  13:46  Marine  
  167  13:50  Hi-Sec Auto Tracking, Missile Turret  
  167  13:54  Neosteel Armor  
  166  13:58  Marine  
  166  14:01  Marine x2  
  166  14:02  Marine, Marauder x2  
  174  14:04  Marauder x2  
  175  14:13  Marine x3  
  175  14:16  Widow Mine x2  
  182  14:22  Missile Turret  
  182  14:24  Marine x2, Marauder x2, Missile Turret  
  186  14:25  Marauder  
  186  14:31  Marine x3, Marauder  
  191  14:43  Marine x3  
  191  14:45  Marauder x2  
  194  14:54  Marine x2  
  194  14:55  Marine x2, Marauder  
  193  15:06  Marine x2  
  184  15:10  Command Center x2  
  179  15:14  Marine  
  179  15:15  Marine  
  161  15:24  Marine x5  
  161  15:27  SCV x4  
  150  15:32  Marine x4  
  150  15:33  Marine  
  150  15:34  Widow Mine x2  
  139  15:35  Medivac x2  
  139  15:37  SCV  
  139  15:42  Marine x2  
  144  15:45  Marine  
  144  15:47  SCV x2  
  144  15:48  SCV  
  145  15:51  Marine x2  
  145  15:53  SCV  
  141  15:57  Marine x3  
  141  15:59  Widow Mine x2, Thor  
  154  16:04  Planetary Fortress  
  154  16:05  Marine x2  
  154  16:06  Marine x3  
  154  16:07  Marine, Marauder  
  162  16:12  Marine  
  162  16:16  Marine x3  
Tags
 
Add a new tag
Caveats
  • Supply blocks, unpowered buildings, or Contaminate may cause inaccurate times.
  • Supply counts are checked every 10 seconds.